 Dungeon Crawl Stone Soup version 0.9.0-27-g8a39726 character file.

1007 naptalan the Bolt Thrower (level 7, -3/59 HPs)
             Began as a Mountain Dwarf Hunter on Dec 28, 2011.
             Slain by a wight
             ... wielding a +0,+0 mace
              (9 damage)
             ... on Level 8 of the Dungeon.
             The game lasted 00:43:21 (6815 turns).

naptalan the Bolt Thrower (Mountain Dwarf Hunter)   Turns: 6815, Time: 00:43:21

HP  -3/59        AC  7     Str 18      XL: 7   Next: 61%
MP   4/5         EV  9     Int  9      God:
Gold 262         SH  0     Dex 12      Spells:  0 memorised,  8 levels left

Res.Fire  : . . .   See Invis. : +   c - +0 battleaxe
Res.Cold  : . . .   Warding    : . . G - +0 elf ring mail (curse)
Life Prot.: . . .   Conserve   : .   (no shield)
Res.Acid. : . . .   Res.Corr.  : .   t - +0 winged helmet
Res.Poison: .       Clarity    : +   (no cloak)
Res.Elec. : .       Spirit.Shd : .   (no gloves)
Sust.Abil.: . .     Stasis     : .   L - +0 pair of boots
Res.Mut.  : .       Ctrl.Telep.: .   u - cursed amulet of clarity
Res.Rott. : .       Levitation : .   d - ring of see invisible
Saprovore : . . .   Ctrl.Flight: .   H - ring of sustenance

@: mildly poisoned, slightly resistant to hostile enchantments, very unstealthy
A: no striking features
a: no special abilities


You were on level 8 of the Dungeon.
You were not hungry.

You visited 1 branch of the dungeon, and saw 8 of its levels.

You collected 242 gold pieces.

Inventory:

Hand weapons
 a - a +0,+0 dwarven short sword
 b - a +0,+0 dwarven crossbow
 c - a +0,+0 battleaxe (weapon)
 e - a +3,+2 elven dagger of protection
 n - a +2,+0 elven sabre
 p - a cursed +3,+2 war axe
 E - a +2,-1 short sword of freezing
Missiles
 m - 24 +1 darts
 o - 6 +0 bolts of penetration
 s - 2 +4 darts (quivered)
 x - 17 +2 darts of flame
 y - 10 +0 darts of flame
 J - 2 +1 bolts
 K - 3 +0 bolts
Armour
 t - a +0 winged helmet (worn)
 G - a cursed +0 elven ring mail (worn)
 L - a +0 pair of boots (worn)
Comestibles
 f - a bread ration
 l - 3 chokos
 v - a meat ration
 I - a chunk of bat flesh
Scrolls
 g - a scroll of detect curse
 j - a scroll of remove curse {unknown}
 k - a scroll of enchant armour {unknown}
 q - a scroll of fog
 C - a scroll of enchant weapon II
 M - a scroll of curse weapon {unknown}
Jewellery
 d - a ring of see invisible (right hand)
 u - a cursed amulet of clarity (around neck)
 w - an uncursed ring of life protection
 H - a ring of sustenance (left hand)
Potions
 h - 2 potions of speed {unknown}
 i - 2 potions of degeneration {unknown}
 r - 2 potions of levitation {unknown}
 z - 2 potions of invisibility {unknown}
 A - 2 potions of healing {unknown}
 D - a potion of confusion {unknown}
 F - a potion of heal wounds


   Skills:
 + Level 6 Fighting
 - Level 1 Short Blades
 - Level 1 Maces & Flails
 + Level 7 Crossbows
 - Level 1 Throwing
 + Level 5 Armour
 - Level 2 Dodging
 - Level 1 Stealth
 - Level 1 Spellcasting


You had 8 spell levels left.
You didn't know any spells.

Dungeon Overview and Level Annotations

Branches:
Dungeon (8/27)
 Temple: D:4-7          Orc: D:6-11        Lair: D:8-13

Altars:
Ashenzari
Kikubaaqudgha
Makhleb
Sif Muna
Yredelemnul


Message History

c - a battleaxe;
p - a war axe
There are several objects here.
Pick up a robe? ((y)es/(n)o/(a)ll/(m)enu/*?g,/q)
J - 2 +1 bolts;
K - 4 +0 bolts Firing (i - inventory. (,) - cycle):
K - 4 +0 bolts (quivered)
Press: ? - help, Shift-Dir - straight line, f - wight
Aim: A wight, wielding a mace and wearing a robe You shoot a +0 bolt.
The +0 bolt misses the wight.
The wight hits you with a mace.
* * * LOW HITPOINT WARNING * * *
Read which item? (? for menu, Esc to quit)
As you read the scroll labeled KAIFFUVACAO, it crumbles to dust.
The wight is unaffected.
It was a scroll of fear.
The wight hits you but does no damage.
Wield which item (- for none, * to show all)? (? for menu, Esc to quit)
c - an uncursed battleaxe (weapon)
You barely miss the wight. The wight hits you with a mace.
You feel drained.
* * * LOW HITPOINT WARNING * * *
The wight hits you with a mace!
You feel drained.
You die...

#.# # #.# # #.# #
#.# # #.# # #.# #
#.# #
#####.###########
(......z@(((...(.
#####.###########
#.# # #.# #
#####.######## #
#.........>......
#.###.###########
#.# # #.# #


You could see a wight.

Vanquished Creatures
  2 ogres
  Duvessa (D:4)
  A water moccasin (D:8)
  A giant frog (D:6)
  2 wights (D:8)
  2 imps (D:5)
  Dowan (D:4)
  An orc wizard (D:3)
  2 scorpions
  Ijyb (D:3)
  A jelly (D:5)
  2 goliath beetle zombies
  6 snakes
  2 giant geckos
  3 oozes
  2 orcs
  8 giant cockroaches
  13 goblins
  11 hobgoblins
  6 jackals
  16 kobolds
  2 quokkas
  13 bats
  5 giant newts
  A hobgoblin skeleton (D:4)
  A kobold skeleton (D:5)
  An orc zombie (D:8)
  14 rats
  4 small snakes
125 creatures vanquished.

Vanquished Creatures (others)
  A sky beast (D:6)
  A giant cockroach (D:6)
  A small snake (D:1)
  A rat (D:4)
4 creatures vanquished.

Grand Total: 129 creatures vanquished

Notes
Turn   | Place    | Note
--------------------------------------------------------------
     0 | D:1      | naptalan, the Mountain Dwarf Hunter, began the quest for the Orb.
     0 | D:1      | Reached XP level 1. HP: 17/17 MP: 0/0
   443 | D:1      | Reached XP level 2. HP: 16/24 MP: 1/1
  1038 | D:1      | Reached skill level 1 in Armour
  1438 | D:2      | Reached XP level 3. HP: 27/29 MP: 2/2
  1841 | D:2      | Reached skill level 6 in Crossbows
  2042 | D:2      | Reached skill level 1 in Short Blades
  2261 | D:3      | Found a shattered altar of Ashenzari.
  2479 | D:3      | Reached skill level 1 in Stealth
  2479 | D:3      | Reached XP level 4. HP: 37/37 MP: 2/2
  2516 | D:3      | Noticed Ijyb
  2524 | D:3      | Defeated Ijyb
  2609 | D:4      | Noticed Duvessa
  2609 | D:4      | Noticed Dowan
  3357 | D:5      | Entered Level 5 of the Dungeon
  3419 | D:4      | Reached skill level 1 in Throwing
  3650 | D:4      | Reached XP level 5. HP: 26/42 MP: 3/3
  4668 | D:4      | Found a basalt altar of Yredelemnul.
  4676 | D:4      | Reached XP level 6. HP: 51/51 MP: 4/4
  5126 | D:4      | Defeated Duvessa
  5126 | D:4      | Reached skill level 5 in Fighting
  5126 | D:4      | Reached skill level 1 in Maces & Flails
  5145 | D:4      | Defeated Dowan
  5145 | D:4      | Reached skill level 5 in Armour
  5355 | D:4      | Reached XP level 7. HP: 54/58 MP: 4/4
  5500 | D:5      | Found an ancient bone altar of Kikubaaqudgha.
  5832 | D:5      | Noticed Darwin's ghost (average DrWz)
  5940 | D:6      | Found a burning altar of Makhleb.
  6019 | D:6      | Reached skill level 7 in Crossbows
  6189 | D:7      | Noticed Edmund
  6268 | D:8      | Found a deep blue altar of Sif Muna.
  6808 | D:8      | Reached skill level 1 in Spellcasting
  6815 | D:8      | Slain by a wight
